 Dungeon Crawl Stone Soup version 0.23.1-37-gaa34b87 (webtiles) character file.

Game seed: 607416693614777169

4162 doot the Covert (level 10, -5/40 HPs)
             Began as a Felid Enchanter on Mar 25, 2019.
             Was an Elder of Nemelex Xobeh.
             Slain by an orc warrior
             ... wielding a +0 dire flail
              (17 damage)
             ... on level 2 of the Orcish Mines.
             The game lasted 00:39:50 (16230 turns).

doot the Covert (Felid Enchanter)                  Turns: 16230, Time: 00:39:52

Health: -5/40      AC:  2    Str:  6    XL:     10   Next: 7%
Magic:  12/30      EV: 22    Int: 17    God:    Nemelex Xobeh [****..]
Gold:   1203       SH:  2    Dex: 18    Spells: 10/23 levels left
                                        Lives:  0   Deaths: 3

rFire    . . .     SeeInvis +     - Unarmed
rCold    . . .     Gourm    .   (shield unavailable)
rNeg     . . .     Faith    .   (armour unavailable)
rPois    .         Spirit   .   (helmet unavailable)
rElec    .         Reflect  +   (cloak unavailable)
rCorr    .         Harm     .   (gloves unavailable)
MR       +....                  (boots unavailable)
Stlth    +++++++...             x - +2 amulet of reflection
HPRegen  0.13/turn              f - ring of magical power
MPRegen  0.22/turn              w - ring of stealth

@: very slightly contaminated, quick
A: very small, no armour, no weapons or thrown items, stealth, claws 1, fangs 3,
see invisible, carnivore, speed 1, shaggy fur 2, slow metabolism 1, sharp paws
a: Draw Escape, Draw Destruction, Draw Summoning, Triple Draw, Deal Four,
Renounce Religion


You were on level 2 of the Orcish Mines.
You worshipped Nemelex Xobeh.
Nemelex Xobeh was greatly pleased with you.
You were very full.

You visited 3 branches of the dungeon, and saw 13 of its levels.

You collected 1203 gold pieces.

Inventory:

Jewellery
 f - a ring of magical power (left paw)
 t - an uncursed ring of flight
 w - a ring of stealth (right paw)
 x - a +2 amulet of reflection (around neck)
 B - an uncursed ring of protection from fire
Wands
 u - a wand of enslavement (9)
 y - a wand of scattershot (6)
 A - a wand of polymorph (11)
 C - a wand of iceblast (8)
 D - a wand of digging (8)
 E - a wand of random effects (17)
 H - a wand of acid (4)
Scrolls
 c - 2 scrolls of enchant weapon {unknown}
 d - 2 scrolls of random uselessness {unknown}
 g - 4 scrolls of identify {unknown}
 i - 3 scrolls of noise {unknown}
 j - 3 scrolls of immolation {unknown}
 l - 3 scrolls of fog {unknown}
 o - 3 scrolls of fear {unknown}
 q - 5 scrolls of teleportation {unknown}
 r - 6 scrolls of remove curse {unknown}
 v - a scroll of magic mapping {unknown}
 z - a scroll of enchant armour {unknown}
 G - a scroll of vulnerability {unknown}
Potions
 a - 4 potions of flight {unknown}
 e - 8 potions of curing
 h - a potion of resistance {unknown}
 k - 2 potions of lignification {unknown}
 m - a potion of brilliance {unknown}
 n - a potion of cancellation {unknown}
 p - 2 potions of heal wounds {unknown}
 s - a potion of agility {unknown}
 F - a potion of magic {unknown}
Comestibles
 b - 23 rations


   Skills:
 + Level 2.1 Fighting
 + Level 6.5 Dodging
 + Level 13.7 Stealth
 + Level 8.0 Unarmed Combat
 + Level 7.3 Spellcasting
 + Level 12.6 Hexes
 + Level 1.8 Translocations
 + Level 4.6 Ice Magic
 * Level 2.7 Invocations


You had 10 spell levels left.
You knew the following spells:

 Your Spells              Type           Power        Failure   Level  Hunger
a - Corona                Hex            #####..      1%          1    None
b - Ensorcelled Hibernat  Hex/Ice        #####.       1%          2    None
c - Confuse               Hex            #####...     1%          3    ##.....
d - Tukima's Dance        Hex            #####...     1%          3    ##.....
e - Blink                 Tloc           N/A          9%          2    None
f - Slow                  Hex            #####...     1%          2    None

Your spell library contained the following spells:

 Spells                   Type           Power        Failure   Level  Hunger
 Dazzling Spray           Conj/Hex       ####..       2%          3    ##.....
 Magic Dart               Conj           #...         12%         1    None
 Sandblast                Erth           #.....       12%         1    None
 Call Imp                 Summ           #.......     17%         2    None
 Passwall                 Tmut/Erth      #.......     17%         2    None
 Conjure Flame            Conj/Fire      #.......     34%         3    ##.....
 Mephitic Cloud           Conj/Pois/Air  #.......     34%         3    ##.....
 Stone Arrow              Conj/Erth      #.....       34%         3    ##.....
 Petrify                  Tmut/Erth      #.......     75%         4    ####...
 Lee's Rapid Deconstruct  Erth           #.........   97%         5    #####..


Dungeon Overview and Level Annotations

Branches:
Dungeon (10/15)            Temple (1/1) D:4             Orc (2/2) D:9
   Lair: D:8-11         Elf: Orc:2

Altars:
Ashenzari
Cheibriados
Dithmenos
Elyvilon
Fedhas
Gozag
Hepliaklqana
Kikubaaqudgha
Makhleb
Nemelex Xobeh
Okawaru
Qazlal
Ru
Sif Muna
Trog
Uskayaw
Vehumet
Wu Jian
Xom
Yredelemnul
Zin
The Shining One

Portals:
Trove: D:10 (show slimy rune of Zot)

Annotations:
D:5 2 transporters
D:10 1 runed translucent door, dvd's ghost, novice HOGl


Innate Abilities, Weirdness & Mutations

You cannot wear armour.
You are incapable of wielding weapons or throwing items.
Your paws allow you to move quietly. (Stealth)
You have sharp claws.
You have razor-sharp teeth.
You have supernaturally acute eyesight. (SInv)
You are carnivorous and can eat meat at any time.
You cover ground quickly.
You are covered in thick fur. (AC +2)
You have a slow metabolism.
Your sharp claws are effective at attacking unaware monsters.


Message History

a +0 short sword; a cursed +0 leather armour; a +0 dagger; a +0 robe an orc skeleton You draw... (choose one card, ? for their descriptions) a - Vitriol b - Pain
c - the Orb You have drawn the Orb.
Press: ? - help, Shift-Dir - straight line, f - orc warrior
Aim: an orc warrior, wielding a +0 dire flail and wearing a +0 plate armour The orb of energy hits the orc warrior!
The orc warrior is heavily wounded.
Unknown command.
Casting: Blink (safe; 9% risk of failure)
Confirm with . or Enter, or press ? or * to list all spells.
You miscast Blink.
You are very lightly contaminated with residual magic.
You catch a glimpse of the back of your own head.
The orc warrior hits you with a +0 dire flail!
You die...
Your body glows slightly and disappears.

##....#.##............
#....#####............
#..##.###....[).......
#...#...#....(.........
##.##...#..##.#.)......
###.#..[o.###.........
#....oo.#.#...#.##...
##...o##..o....#.#...
###@####o....)..)...
### ##..##..#..)..
#..ยง#.####....
##...........#
##.#.......##
#####....### ###.####
### #. ##


You could see an orc warrior, an orc priest and 2 orcs.

Vanquished Creatures
  Snorg (D:10)
  A two-headed ogre (Orc:1)
  Erica (D:9)
  An unseen horror (D:9)
  2 orc sorcerers (Orc:1)
  Psyche (D:10)
  3 trolls
  2 hippogriffs (D:10)
  A wyvern (Orc:1)
  A hungry ghost (D:9)
  A steam dragon (D:10)
  A two-headed ogre zombie (D:9)
  A warg (Orc:2)
  A water moccasin (D:10)
  9 orc warriors
  2 black bears
  3 ice beasts
  A hornet zombie (D:8)
  5 sky beasts
  3 phantoms
  2 necrophages
  4 ogres
  6 centaurs
  A big kobold (D:9)
  3 bullfrogs
  A gnoll sergeant (D:8)
  2 scorpions
  A water moccasin skeleton (D:7)
  A troll zombie (D:9)
  7 howler monkeys
  4 centaur zombies
  4 crimson imps
  2 bullfrog zombies
  A quasit (D:6)
  8 orc priests
  4 hounds
  7 jellies
  3 bullfrog skeletons
  A centaur skeleton (D:4)
  Jessica (D:2)
  4 iguanas
  15 orc wizards
  6 worker ants
  5 ogre zombies (D:9)
  2 hound skeletons (D:7)
  A worker ant zombie (D:9)
  3 gnolls (D:8)
  9 adders
  A shadow imp (D:7)
  6 oozes
  An adder zombie (D:8)
  3 worms (D:2)
  5 leopard geckos
  53 orcs
  8 bats
  7 giant cockroaches
  4 goblins
  6 hobgoblins
  12 jackals
  25 kobolds
  8 quokkas
  7 frilled lizards
  2 goblin skeletons (D:9)
  A goblin zombie (D:9)
  A hobgoblin skeleton (D:9)
  5 hobgoblin zombies (D:9)
  A jackal skeleton (D:5)
  An orc skeleton (D:9)
  15 orc zombies (D:9)
  9 rats
330 creatures vanquished.

Vanquished Creatures (collateral kills)
  2 two-headed ogres
  A moth of wrath (Orc:1)
  4 orc warriors
  Duvessa (D:4)
  Dowan (D:4)
  An orc priest (Orc:1)
  2 orc wizards (D:5)
  6 orcs
  A quokka (D:10)
19 creatures vanquished.

Vanquished Creatures (others)
  2 dancing weapons (Orc:1)
  5 dream sheep (D:3)
  An orc priest (D:5)
  A hound skeleton (D:5)
  2 orcs (D:5)
11 creatures vanquished.

Grand Total: 360 creatures vanquished

Notes
Turn   | Place    | Note
-------+----------+-------------------------------------------
     0 | D:1      | doot the Felid Enchanter began the quest for the Orb.
     0 | D:1      | Reached XP level 1. HP: 7/7 MP: 4/4
   350 | D:2      | Noticed Jessica
   352 | D:2      | Killed Jessica
   352 | D:2      | Reached skill level 5 in Hexes
   352 | D:2      | Reached XP level 2. HP: 11/11 MP: 6/6
   352 | D:2      | Reached XP level 3. HP: 14/14 MP: 7/7
   393 | D:2      | Learned a level 3 spell: Tukima's Dance
   396 | D:2      | Learned a level 2 spell: Ensorcelled Hibernation
  1475 | D:3      | Noticed a dream sheep
  1475 | D:3      | Noticed a dream sheep
  1475 | D:3      | Noticed a dream sheep
  1475 | D:3      | Noticed a dream sheep
  1475 | D:3      | Noticed a dream sheep
  1475 | D:3      | Found a shimmering altar of Xom.
  1481 | D:3      | Killed a dream sheep
  1481 | D:3      | Killed a dream sheep
  1481 | D:3      | Killed a dream sheep
  1483 | D:3      | Killed a dream sheep
  1483 | D:3      | Killed a dream sheep
  2053 | D:3      | Reached skill level 5 in Stealth
  2098 | D:3      | Reached XP level 4. HP: 11/18 MP: 5/8
  2936 | D:4      | Found a sparkling altar of Nemelex Xobeh.
  2941 | D:4      | Became a worshipper of Nemelex Xobeh the Trickster
  3091 | D:1      | Received a gift from Nemelex Xobeh
  3276 | D:1      | Reached XP level 5. HP: 18/21 MP: 9/9
  3944 | D:2      | Found a sacrificial altar of Ru.
  3945 | D:2      | Found a blossoming altar of Fedhas.
  4192 | D:4      | Received a gift from Nemelex Xobeh
  4226 | D:4      | Found a staircase to the Ecumenical Temple.
  4235 | D:4      | Reached skill level 6 in Stealth
  4538 | D:4      | Noticed Dowan
  4591 | D:4      | Found a radiant altar of Vehumet.
  4593 | D:4      | Found a glowing silver altar of Zin.
  4872 | D:4      | Found a shadowy altar of Dithmenos.
  4872 | D:4      | Found a basalt altar of Yredelemnul.
  4876 | D:4      | Found an ornate altar of the Wu Jian Council.
  5175 | D:4      | Reached skill level 1 in Ice Magic
  5204 | D:4      | Reached * piety under Nemelex Xobeh
  5269 | D:4      | Gained mutation: You are covered in thick fur. (AC +2)
                  | [Felid growth]
  5269 | D:4      | Reached XP level 6. HP: 9/25 MP: 10/10
  5278 | D:4      | Killed from afar by an orc wizard
  5279 | D:4      | Reached XP level 5. HP: -3/21 MP: 11/18
  5502 | D:5      | Entered Level 5 of the Dungeon
  5556 | D:5      | Reached XP level 6. HP: 25/25 MP: 11/11
  5623 | D:5      | Reached skill level 7 in Stealth
  5855 | Temple   | Entered the Ecumenical Temple
  6180 | D:5      | Noticed a sky beast
  6539 | D:4      | Noticed Duvessa
  6550 | D:4      | Killed Duvessa
  6552 | D:4      | Killed Dowan
  6552 | D:4      | Reached XP level 7. HP: 28/28 MP: 12/12
  6568 | D:4      | Learned a level 3 spell: Confuse
  6987 | D:5      | Received a gift from Nemelex Xobeh
  7038 | D:5      | Found an iron altar of Okawaru.
  7039 | D:5      | Found a white marble altar of Elyvilon.
  7039 | D:5      | Noticed a white ugly thing
  7041 | D:5      | Found a transporter.
  7057 | D:5      | Found a transporter.
  7206 | D:6      | Reached ** piety under Nemelex Xobeh
  7377 | D:6      | Reached skill level 8 in Stealth
  7387 | D:6      | Found a snail-covered altar of Cheibriados.
  7619 | D:6      | Reached XP level 8. HP: 31/31 MP: 14/14
  8158 | D:6      | Noticed a red ugly thing
  8344 | D:7      | Received a gift from Nemelex Xobeh
  8485 | D:7      | Reached skill level 9 in Stealth
  8520 | D:7      | Reached skill level 1 in Fighting
  8539 | D:7      | Reached skill level 5 in Unarmed Combat
  8547 | D:7      | Learned a level 2 spell: Blink
  8550 | D:7      | Learned a level 2 spell: Slow
  9210 | D:7      | Found a burning altar of Makhleb.
  9244 | D:7      | Reached XP level 9. HP: 35/35 MP: 14/16
  9347 | D:7      | Reached skill level 10 in Stealth
  9422 | D:8      | Received a gift from Nemelex Xobeh
  9470 | D:8      | Found a deep blue altar of Sif Muna.
  9701 | D:8      | Found a shattered altar of Ashenzari.
  9717 | D:8      | Reached *** piety under Nemelex Xobeh
  9963 | D:8      | Reached skill level 5 in Dodging
  9990 | D:8      | Reached skill level 10 in Hexes
  9998 | D:8      | Reached skill level 11 in Stealth
 10889 | D:9      | Noticed a two-headed ogre
 11053 | D:9      | Noticed a troll
 11074 | D:9      | Killed a two-headed ogre
 11074 | D:9      | Reached skill level 5 in Spellcasting
 11085 | D:9      | Noticed an unseen horror
 11092 | D:9      | Killed an unseen horror
 11092 | D:9      | Reached XP level 10. HP: 39/39 MP: 10/19
 11433 | D:9      | Found a staircase to the Orcish Mines.
 11853 | D:9      | Received a gift from Nemelex Xobeh
 12031 | D:9      | Reached skill level 12 in Stealth
 12192 | D:9      | Noticed Erica
 12244 | D:9      | Killed Erica
 12339 | D:10     | Entered Level 10 of the Dungeon
 12367 | D:10     | Noticed Psyche
 12372 | D:10     | Killed Psyche
 12481 | D:10     | Reached **** piety under Nemelex Xobeh
 12512 | D:10     | Reached skill level 13 in Stealth
 12748 | D:10     | Reached XP level 11. HP: 36/43 MP: 21/21
 13083 | D:10     | Received a gift from Nemelex Xobeh
 13144 | D:10     | Noticed Snorg
 13190 | D:10     | Killed Snorg
 13425 | D:10     | Found a portal to a secret trove of treasure.
 13673 | D:10     | Reached skill level 1 in Translocations
 14131 | D:10     | Found a runed translucent door.
 14135 | D:10     | Noticed dvd's ghost (novice HOGl)
 14180 | Orc:1    | Entered Level 1 of the Orcish Mines
 14440 | Orc:1    | Noticed a two-headed ogre
 14458 | Orc:1    | Killed a two-headed ogre
 14458 | Orc:1    | Reached skill level 1 in Invocations
 14500 | Orc:1    | Noticed an orc sorcerer
 14643 | Orc:1    | Slain by an orc warrior
 14644 | Orc:1    | Reached XP level 10. HP: -1/40 MP: 24/30
 14672 | Orc:1    | Noticed an orc sorcerer
 14680 | Orc:1    | Killed an orc sorcerer
 14694 | Orc:1    | Noticed an orc knight
 14728 | Orc:1    | Noticed a moth of wrath
 14728 | Orc:1    | an orc knight changed into a moth of wrath
 14744 | Orc:1    | Killed a moth of wrath
 14994 | Orc:1    | Noticed a wolf spider
 15197 | Orc:1    | Received a gift from Nemelex Xobeh
 15527 | Orc:1    | Killed an orc sorcerer
 15536 | Orc:2    | Entered Level 2 of the Orcish Mines
 15846 | Orc:2    | Mangled by an orc warrior
 15847 | Orc:2    | Reached XP level 9. HP: -6/36 MP: 29/29
 15847 | Orc:2    | Noticed a two-headed ogre
 15859 | Orc:2    | Killed a two-headed ogre
 16161 | Orc:2    | Reached XP level 10. HP: 27/40 MP: 21/21
 16230 | Orc:2    | Slain by an orc warrior

Skill      XL: |  1  2  3  4  5  6  7  8  9 10 11 |
---------------+----------------------------------+-----
Dodging        | 3 4 5 6 |  6.5
Hexes          | 5 6 7 9 11 12 | 12.6
Stealth        | 5 6 7 8 9 11 13 | 13.7
Unarmed Combat | 2 3 4 5 6 8 |  8.0
Ice Magic      | 1 2 3 4 |  4.6
Spellcasting   | 3 4 5 7 |  7.3
Fighting       | 1 2 |  2.1
Translocations | 1 |  1.8
Invocations    | 2 1 |  2.7

Action                   |  1- 3 |  4- 6 |  7- 9 | 10-12 || total
-------------------------+-------+-------+-------+-------++-------
Melee: Unarmed           |   109 |   191 |   202 |   340 ||   842
       Bite              |     7 |    11 |    16 |    38 ||    72
       Punch             |     1 |     2 |     1 |     9 ||    13
 Cast: Corona            |     1 |     4 |     2 |     5 ||    12
       Ensorcelled Hiber |     5 |    74 |    47 |    83 ||   209
       Tukima's Dance    |       |     2 |     8 |    12 ||    22
       Confuse           |       |       |    30 |    40 ||    70
       Slow              |       |       |     2 |       ||     2
       Blink             |       |       |     1 |    12 ||    13
Invok: Triple Draw       |       |       |       |     1 ||     1
 Abil: Draw Destruction  |       |     4 |     1 |     1 ||     6
       Draw Summoning    |       |     1 |     1 |     4 ||     6
  Use: Potion            |       |       |       |     1 ||     1
 Stab: Sleeping          |    12 |    50 |    61 |    65 ||   188
       Confused          |       |       |    11 |    26 ||    37
       Distracted        |       |       |     1 |     2 ||     3
  Eat: Chunk             |     9 |    11 |    18 |    22 ||    60
Armor: Skin              |     6 |    13 |     7 |     5 ||    31
Dodge: Dodged            |    83 |   161 |   129 |   224 ||   597
Block: Other             |       |       |     6 |    13 ||    19
       Reflection        |       |       |       |     1 ||     1
